 Dungeon Crawl Stone Soup version 0.17-a0-1393-gcb420ff (webtiles) character file.

52 nubinia the Sneak (level 3, -1/24 HPs)
             Began as a Vine Stalker Enchanter on June 16, 2015.
             Slain by an adder (2 damage)
             ... on level 2 of the Dungeon.
             The game lasted 00:06:09 (976 turns).

nubinia the Sneak (Vine Stalker Enchanter)           Turns: 976, Time: 00:06:09

Health: -1/24      AC: 21    Str: 10    XL:     3   Next: 85%
Magic:  0/8        EV:  2    Int: 16    God:
Gold:   52         SH:  0    Dex: 14    Spells: 2 memorised, 4 levels left

rFire  . . .     SeeInvis .     a - +1 dagger
rCold  . . .     Clarity  .     (armour currently unavailable)
rNeg   + + +     SustAt   .     (no shield)
rPois  +         Gourm    .     (helmet currently unavailable)
rElec  .         Spirit   +     (cloak currently unavailable)
rCorr  .         Warding  .     (gloves currently unavailable)
rMut   .         NoTele   +     (boots currently unavailable)
MR     .....                    (no amulet)
Stlth  ++++......               (no ring)
                                (no ring)

@: lethally poisoned (-1 -> -2), tree-form, not resistant to hostile
enchantments, stealthy
A: (fangs 0), regeneration 1, magic shield, (antimagic bite), no device heal 3,
rot immunity
a: no special abilities


You were on level 2 of the Dungeon.
You were hungry.
You were a tree.
You visited 1 branch of the dungeon, and saw 2 of its levels.

You collected 52 gold pieces.

Inventory:

Hand weapons
 a - a +1 dagger (weapon)
 k - a cursed -1 whip
Armour
 b - a +1 robe (melded)
Scrolls
 f - a scroll of recharging
 h - a scroll of remove curse {unknown}
 i - a scroll of immolation {unknown}
Potions
 e - a potion of heal wounds
Books
 c - a book of Maledictions

   Spells                             Type                      Level
   a - Corona                         Hexes                        1
   b - Ensorcelled Hibernation        Hexes/Ice                    2
   c - Confuse                        Hexes                        3
   d - Tukima's Dance                 Hexes                        3
   e - Dazzling Spray                 Conjuration/Hexes            3
Comestibles
 d - 2 bread rations
 g - 2 meat rations
 l - a chunk of flesh


   Skills:
 + Level 1.1 Short Blades
 + Level 1.9 Dodging
 + Level 4.5 Stealth
 + Level 2.7 Spellcasting
 + Level 3.3 Hexes


You had 4 spell levels left.
You knew the following spells:

 Your Spells              Type           Power        Failure   Level  Hunger
a - Corona                Hex            ##.....      6%          1    #......
b - Ensorcelled Hibernat  Hex/Ice        #.....       17%         2    ##.....


Dungeon Overview and Level Annotations

Branches:
Dungeon (2/15)

Altars:


Innate Abilities, Weirdness & Mutations

((You have extremely sharp teeth.))
Your natural rate of healing is unusually fast.
When hurt, damage is shared between your health and your magic reserves.
((Your bite disrupts and absorbs the magic of your enemies.))
Potions and wands cannot restore your health.
You are immune to rotting.


Message History

The adder bites you but does no damage.
Drink which item? (? for menu, Esc to quit)
It was a potion of lignification.
You turn into a tree.
Your +1 robe melds into your body.
Your roots penetrate the ground.
The adder bites you but does no damage.
You hit the adder. Your bite misses the adder.
The adder is almost dead.
* * * LOW HITPOINT WARNING * * *
You feel sick.
The adder stops glowing.
The adder bites you but does no damage.
You closely miss the adder.
The adder is almost dead.
The adder completely misses you.
You closely miss the adder. Your bite misses the adder.
The adder is almost dead.
The adder bites you but does no damage.
You hit the adder. Your bite misses the adder.
The adder is almost dead.
* * * LOW HITPOINT WARNING * * *
You feel sick. The adder bites you but does no damage. The adder bites you.
You die...

#.....# .......
#. .......
##.## .......
...... .......
......#
#.######.......
.......
#.....b.......#
##.#.#S
#..###S###...##
## ###..###♣#
## ##.#.
.........#
....l.
#######<.#
......
#.....>.#
.#####
#.#####.# ...
#.# ### #.# #
#.# .### #.#
...


You could see an adder and a bat.

Vanquished Creatures
  An adder (D:2)
  2 oozes (D:1)
  A worm (D:2)
  2 giant geckos (D:1)
  5 goblins
  2 hobgoblins
  4 kobolds
  6 bats
  2 giant cockroaches (D:1)
  7 rats
32 creatures vanquished.

Notes
Turn   | Place    | Note
--------------------------------------------------------------
     0 | D:1      | nubinia the Vine Stalker Enchanter began the quest for the Orb.
     0 | D:1      | Reached XP level 1. HP: 9/9 MP: 4/4
   115 | D:1      | Reached XP level 2. HP: 13/13 MP: 6/6
   119 | D:1      | Learned a level 2 spell: Ensorcelled Hibernation
   151 | D:1      | Reached skill level 4 in Stealth
   285 | D:1      | Reached skill level 1 in Short Blades
   421 | D:1      | Reached XP level 3. HP: 16/16 MP: 5/7
   973 | D:2      | HP: 1/24 [poisoned by an adder]
   976 | D:2      | Slain by an adder

Vault maps used:
D:1:      roderic_crop_circles_arrival_large
D:2:      tso_altar, minmay_circled_x, uniq_robin

Action                   || total
-------------------------++-------
Melee: Dagger            ||    89
 Cast: Corona            ||     9
       Ensorcelled Hiber ||     3
  Use: Potion            ||     2
       Scroll            ||     1
 Stab: Sleeping          ||    12
